Map: Cyber Forest LE

Players

playezvibe - Winner!

  • Race: Protoss Protoss
  • League: Bronze
  • Spawn Location: 11:00

고핑키

  • Race: Zerg Zerg
  • Spawn Location: 5:00

VOD

Have the link to the VOD?

Description

Time

  • Played on: June 9, 2019, 7:44 a.m.
  • Length: 21:15
Show
View Real Time Build Order
Export as new Build Order

playezvibe Protoss - Winner!

Build Orders:  

Get SALT Encoding   

  12  0:17  Pylon  
  12  0:22  Probe  
  13  0:39  Gateway  
  13  0:44  Probe  
  14  0:52  Assimilator  
  14  0:57  Probe  
  15  1:27  Cybernetics Core  
  15  1:35  Gateway  
  15  1:42  Forge  
  15  1:52  Pylon, Zealot  
  17  2:01  Probe  
  18  2:10  Warp Gate  
  18  2:13  Probe  
  19  2:19  Adept  
  21  2:26  Probe  
  22  2:32  Photon Cannon  
  22  2:38  Probe  
  22  2:42  Assimilator  
  23  2:50  Probe  
  24  3:07  Probe  
  24  3:08  Pylon  
  26  3:20  Probe  
  26  3:31  Robotics Facility  
  26  3:33  Twilight Council  
  26  3:40  Adept  
  28  3:43  Adept  
  30  4:09  Warp Prism  
  30  4:12  Charge  
  32  4:44  Probe  
  33  4:56  Probe  
  34  5:15  Nexus  
  34  5:18  Assimilator  
  34  5:22  Assimilator  
  34  5:33  Adept  
  34  5:34  Pylon  
  36  5:36  Adept  
  38  6:08  Observer  
  39  6:23  Stalker  
  39  6:25  Stalker  
  43  6:36  Observer  
  44  6:42  Protoss Ground Weapons Level 1  
  44  6:43  Pylon, Probe  
  45  6:51  Probe  
  45  7:00  Probe  
  46  7:02  Stargate  
  46  7:05  Robotics Bay  
  46  7:06  Templar Archives  
  47  7:13  Pylon, Probe  
  48  7:19  Stalker  
  48  7:21  Stalker  
  52  7:25  Probe  
  52  7:28  Stargate  
  53  7:34  Probe  
  54  7:37  Protoss Air Weapons Level 1  
  54  7:42  Probe  
  54  7:47  Zealot  
  54  7:51  Probe  
  57  7:52  Zealot  
  60  8:03  Probe  
  61  8:13  Pylon  
  61  8:15  Probe  
  61  8:17  Pylon  
  62  8:22  Pylon  
  62  8:25  Pylon  
  62  8:26  Fleet Beacon  
  62  8:27  Probe  
  62  8:29  Pylon  
  63  8:46  Probe  
  64  8:59  Probe  
  64  9:01  Oracle  
  68  9:03  Nexus  
  68  9:29  Stalker  
  70  9:35  High Templar  
  72  9:47  Probe  
  73  9:59  Probe  
  74  10:11  Assimilator, Probe  
  75  10:16  Assimilator  
  75  10:25  Pylon  
  75  10:27  Probe  
  76  10:29  Pylon  
  76  10:37  Pylon  
  76  10:40  Pylon, Probe  
  76  10:42  Pylon  
  77  10:49  Gateway  
  77  10:51  Mothership  
  77  10:52  Gateway, Probe  
  77  10:54  Gateway  
  78  10:57  Gateway  
  78  11:00  Gateway x2  
  86  11:04  Gateway  
  86  11:09  Gateway  
  86  11:10  Gateway  
  86  11:13  Shield Battery  
  86  11:14  Gateway  
  86  11:17  Shield Battery  
  86  11:18  Gateway  
  86  11:20  Robotics Facility  
  86  11:23  Probe  
  86  11:24  Robotics Facility  
  87  11:32  Shield Battery  
  87  11:36  Probe  
  88  11:48  Probe  
  89  12:00  Probe  
  90  12:08  Probe  
  91  12:16  Probe  
  92  12:26  Probe  
  92  12:29  Zealot  
  95  12:32  High Templar  
  97  12:38  Probe  
  97  12:42  Archon  
  98  12:56  Immortal  
  102  13:00  Colossus  
  108  13:35  High Templar, Immortal  
  108  13:36  High Templar  
  116  13:53  Colossus  
  122  13:55  Probe  
  123  14:03  Shield Battery, Probe  
  124  14:12  Probe  
  124  14:14  Immortal  
  129  14:24  Probe  
  129  14:28  Oracle  
  133  14:36  Probe  
  134  14:44  Forge  
  134  14:47  Colossus  
  134  14:48  Archon  
  140  14:54  Immortal  
  140  14:56  Protoss Ground Armor Level 1  
  144  15:33  Immortal  
  144  15:35  High Templar  
  149  15:48  High Templar  
  149  15:49  High Templar x2  
  155  15:50  High Templar x3  
  155  15:51  High Templar x3  
  155  15:56  Archon x3  
  167  15:57  Archon  
  167  15:58  Archon  
  167  16:05  Immortal  
  171  16:18  Probe  
  172  16:26  Probe  
  173  16:56  Protoss Shields Level 1  
  173  17:01  Protoss Ground Weapons Level 2  
  173  17:06  Pylon  
  173  17:13  Pylon  
  173  17:17  Pylon  
  173  17:22  Pylon  
  173  17:24  Probe  
  173  17:28  Pylon  
  174  17:36  Probe  
  175  17:37  High Templar x4  
  175  17:38  High Templar  
  175  17:44  Archon x2  
  185  17:48  Probe  
  186  17:59  Assimilator  
  186  18:03  Nexus, Assimilator  
  186  18:15  High Templar x3  
  192  18:21  Archon  
  192  18:36  Colossus  
  198  19:07  High Templar  
  200  19:13  Archon  
Show
View Real Time Build Order
Export as new Build Order

고핑키 Zerg 

Build Orders: 1 Base Baneling Bust, Pool First 

Get SALT Encoding   

  12  0:08  Drone x2  
  14  0:28  Overlord  
  14  0:49  Drone  
  15  0:50  Drone  
  15  0:56  Drone  
  17  1:08  Drone  
  18  1:13  Drone  
  19  1:30  Spawning Pool  
  18  1:38  Evolution Chamber  
  17  1:46  Extractor  
  16  1:56  Extractor  
  16  2:00  Drone  
  16  2:02  Drone  
  16  2:06  Drone  
  18  2:23  Drone x2  
  20  2:39  Drone  
  21  3:06  Roach Warren  
  21  3:09  Drone x2  
  22  4:29  Overlord x3  
  22  4:46  Queen  
  24  4:53  Drone  
  25  5:18  Drone  
  25  5:20  Overlord  
  26  5:22  Roach  
  28  5:37  Spawning Pool  
  27  5:47  Spine Crawler  
  26  6:01  Baneling Nest  
  25  6:17  Drone  
  26  6:21  Drone  
  27  6:44  Drone  
  28  6:49  Roach  
  28  6:52  Zergling x2  
  31  7:00  Metabolic Boost  
  31  7:07  Zerg Melee Weapons Level 1  
  31  7:26  Roach  
  33  7:30  Zergling x2  
  33  7:31  Zergling x2  
  35  8:11  Drone, Hatchery  
  35  8:34  Spine Crawler  
  34  8:55  Drone  
  35  8:59  Zergling x2  
  35  9:01  Zerg Missile Weapons Level 1  
  36  9:03  Zergling x2  
  32  10:02  Zergling x4  
  32  10:03  Zergling x2  
  31  10:16  Drone x3  
  34  10:30  Zergling x4  
  36  10:43  Drone  
  36  10:45  Drone  
  38  10:55  Zerg Ground Armor Level 1  
  38  11:10  Drone x2  
  40  11:31  Drone  
  41  11:33  Drone  
  42  11:41  Zergling x2  
  43  11:48  Drone x2  
  43  11:49  Drone  
  43  11:53  Queen  
  48  12:29  Queen  
  50  12:35  Roach x2  
  50  12:36  Roach  
  56  13:05  Queen  
  58  13:06  Zergling x4  
  60  13:41  Pneumatized Carapace  
  60  13:46  Hatchery  
  59  14:06  Drone  
  59  14:57  Queen  
  61  15:10  Extractor  
  60  15:15  Drone  
  61  15:25  Drone  
  61  15:26  Drone  
  61  15:27  Drone  
  64  15:57  Drone  
  65  16:48  Overlord x2  
  65  16:49  Overlord  
  65  17:06  Queen  
  67  17:11  Overlord  
  67  17:12  Overlord x2  
  67  17:27  Drone  
  67  17:28  Drone x2  
  70  17:39  Overlord  
  70  17:40  Overlord  
  70  17:42  Queen, Roach  
  74  17:52  Overlord x2  
  74  17:54  Drone  
  75  18:07  Zergling x6  
  78  18:18  Burrow  
  78  18:19  Baneling Nest  
  77  18:25  Roach Warren  
  76  18:34  Extractor  
  75  18:39  Extractor  
  74  19:01  Overlord  
  74  19:03  Overlord, Drone  
  74  19:08  Overlord  
  75  19:10  Zergling x4  
  77  19:52  Extractor  
  76  19:56  Lair  
  70  20:44  Zergling x8  
  70  20:45  Zergling x4  
Tags
 
Add a new tag
Caveats
  • Supply blocks, unpowered buildings, or Contaminate may cause inaccurate times.
  • Supply counts are checked every 10 seconds.